 Dungeon Crawl Stone Soup version 0.27.0-1-g7a089689b8 (webtiles) character file.

Game seed: 3164441089440348162

181 zxcv the Magician (level 5, -2/37 HPs)
             Began as a Djinni Hedge Wizard on Aug 9, 2021.
             Slain by an orc (9 damage)
             ... on level 3 of the Dungeon.
             The game lasted 00:06:02 (3776 turns).

zxcv the Magician (Djinni Hedge Wizard)             Turns: 3776, Time: 00:06:02

Health: -2/37      AC:  2    Str:  9    XL:     5   Next: 92%
Gold:   152        EV: 12    Int: 17    God:
                   SH:  0    Dex: 12

rFire    + + .     SeeInvis .   a - +0 dagger
rCold    x . .     Faith    .   (no shield)
rNeg     . . .     Spirit   .   b - +0 robe
rPois    ∞         Reflect  .   c - +0 hat
rElec    .         Harm     .   (no cloak)
rCorr    .         Rampage  .   (no gloves)
Will     .....                  (boots unavailable)
Stlth    ++........             (no amulet)
HPRegen  0.12/turn              (no ring)
MPRegen  0.00/turn              (no ring)

@: flying
A: sickness immunity, fire resistance 2, cold vulnerability 1, float, innate
caster, hp casting, extra vitality 1
a: no special abilities


You were on level 3 of the Dungeon.
You visited 1 branch of the dungeon, and saw 3 of its levels.

You collected 152 gold pieces.

Inventory:

Hand Weapons
 a - a +0 dagger (weapon)
Armour
 b - a +0 robe (worn)
 c - a +0 hat (worn)
Scrolls
 e - a scroll of enchant weapon {unknown}
 f - 4 scrolls of fear {unknown}
 i - a scroll of fog {unknown}
 j - 2 scrolls of teleportation {unknown}
 m - a scroll of immolation {unknown}
 n - a scroll of amnesia {unknown}
Potions
 d - a potion of curing {unknown}
 g - a potion of haste {unknown}
 h - 3 potions of lignification {unknown}
 k - a potion of resistance {unknown}
 l - a potion of attraction {unknown}
 o - a potion of heal wounds {unknown}
 p - a potion of mutation {unknown}


   Skills:
 * Level 1.4 Fighting
 + Level 2.6 Dodging
 + Level 1.8 Stealth
 * Level 4.3 Spellcasting


You couldn't memorise any spells.
You knew the following spells:

 Your Spells              Type           Power      Damage    Failure   Level
a - Magic Dart            Conj           72%        1d6       2%          1
b - Blink                 Tloc           N/A        N/A       3%          2
c - Call Imp              Summ           18%        N/A       3%          2
d - Slow                  Hex            18%        N/A       3%          2
e - Conjure Flame         Conj/Fire      18%        6-21      8%          3
f - Mephitic Cloud        Conj/Pois/Air  18%        N/A       8%          3
g - Shock                 Conj/Air       72%        1d7       2%          1
h - Corpse Rot            Necr/Air       N/A        N/A       3%          2
Your spell library was empty.

Dungeon Overview and Level Annotations

Branches:
Dungeon (3/15)

Altars:
Fedhas
Trog
Vehumet


Innate Abilities, Weirdness & Mutations

You are immune to sickness and miasma.
You are immune to poison.
Your flesh is very heat resistant. (rF++)
You are vulnerable to cold. (rC-)
You float through the air rather than walking.
You learn spells naturally, not from books.
Your magical power is your life essence.
You have superior vitality. (+4 HP)


Message History

Aiming: Magic Dart (safe; 2% risk of failure)
Press: ? - help, Shift-Dir - straight line, f/p - orc
Aim: an orc, wielding a +1 flail of draining and wearing a +0 leather armour (100% to hit)
The magic dart hits the orc.
The orc is heavily wounded.
Casting: Magic Dart (safe; 2% risk of failure)
Confirm with . or Enter, or press ? or * to list all spells.
Aiming: Shock (safe; 2% risk of failure)
Press: ? - help, Shift-Dir - straight line, f/p - orc
Aim: an orc, wielding a +1 flail of draining and wearing a +0 leather armour (heavily wounded, 71% to hit)
The zap misses the orc.
An orc priest comes into view. It is wielding a +0 hand axe.
Casting: Shock (safe; 2% risk of failure)
Confirm with . or Enter, or press ? or * to list all spells.
Aiming: Shock (safe; 2% risk of failure)
Press: ? - help, Shift-Dir - straight line, f - orc priest, p - orc
Aim: an orc priest, wielding a +0 hand axe (wandering, hasn't noticed you, 71% to hit)
The zap hits the orc.
The orc is severely wounded.
The zap hits the orc priest.
The orc priest is moderately wounded.
The orc priest shouts!
The orc priest calls upon Beogh to heal the orc.
The orc's wounds heal themselves!
Casting: Shock (safe; 2% risk of failure)
Confirm with . or Enter, or press ? or * to list all spells.
Aiming: Shock (safe; 2% risk of failure)
Press: ? - help, Shift-Dir - straight line, f/p - orc priest
Aim: an orc priest, wielding a +0 hand axe (moderately wounded, 71% to hit)
The zap hits the orc.
The orc is heavily wounded.
The zap misses the orc priest.
The orc priest invokes the aid of Beogh against you.
Beogh smites you!
* * * LOW HITPOINT WARNING * * *
You hear an angry hiss.
There is a stone staircase leading up here.
You can't go down here!
The orc hits you with a +1 flail of draining!
You die...

.......## ##..####...........
######..########...##.........###
##..........#..#...#..#### #
##...................# #
#.######........)_.## #####.#
##......###....#
####.....###.......# ##.#.#
#....###.....###.o.## #...#
.........#######@#..###.###
#######..# ###..#...##.# ##
####.## #...##......########.
##....# #.###.......o..##....
#..#### #.# #.......##.#..###
#.## #.# #.......##...## #.# ##.#
#.......###..# #.# #..#
#.......##...# ##.# #.##
######......##


You could see an orc.

Vanquished Creatures
  An orc priest (D:3)
  An orc wizard (D:3)
  2 adders
  3 gnolls (D:3)
  A worm (D:3)
  4 dart slugs
  7 orcs (D:3)
  6 bats
  5 endoplasms
  6 goblins
  7 hobgoblins
  2 jackals (D:3)
  3 quokkas
  10 ball pythons
  A frilled lizard (D:2)
  4 kobolds
  4 rats
67 creatures vanquished.

Vanquished Creatures (collateral kills)
  A dart slug (D:3)
  An endoplasm (D:3)
  2 giant cockroaches (D:1)
  A goblin (D:1)
  A kobold (D:1)
  A ball python (D:1)
7 creatures vanquished.

Grand Total: 74 creatures vanquished

Notes
Turn   | Place    | Note
-------+----------+-------------------------------------------
     0 | D:1      | zxcv the Djinni Hedge Wizard began the quest for the Orb.
     0 | D:1      | Reached XP level 1. HP: 15/15 MP: 0/0
   220 | D:1      | Reached XP level 2. HP: 12/21 MP: 0/0
  1051 | D:1      | Reached XP level 3. HP: 19/25 MP: 0/0
  1051 | D:1      | Learned a level 1 spell: Shock
  1073 | D:1      | Reached skill level 3 in Spellcasting
  1801 | D:1      | Found a faded altar of an unknown god.
  2011 | D:2      | Found a bloodstained altar of Trog.
  2073 | D:2      | Reached XP level 4. HP: 12/31 MP: 0/0
  2970 | D:3      | Reached skill level 1 in Fighting
  2970 | D:3      | Reached XP level 5. HP: 10/37 MP: 0/0
  2970 | D:3      | Learned a level 2 spell: Corpse Rot
  3196 | D:3      | Reached skill level 4 in Spellcasting
  3408 | D:3      | Found a blossoming altar of Fedhas.
  3776 | D:3      | Slain by an orc

Illustrated notes

Levels and vault maps discovered:
D:1:      shiori_arrival_oz, layout_loops_ring, chequers_ecumenical_altar_lobes,
          minmay_misc_feat_pillars
D:2:      layout_basic, basic_altar, minmay_close_crescents
D:3:      layout_rooms, mainiacjoe_overflow_concentric_impassable,
          mainiacjoe_overflow_tiny_flanked, uniq_crazy_yiuf_cottage

Skill      XL: |  1  2  3  4  5 |
---------------+----------------+-----
Spellcasting   | 3 4 |  4.3
Fighting       | 1 |  1.4
Dodging        | |  2.6
Stealth        | |  1.8

Action                   |  1- 3 |  4- 6 || total
-------------------------+-------+-------++-------
Melee: Dagger            |     5 |     1 ||     6
 Cast: Magic Dart        |    90 |    69 ||   159
       Call Imp          |     7 |    12 ||    19
       Shock             |       |    33 ||    33
       Corpse Rot        |       |     1 ||     1
Armor: Robe              |     5 |     4 ||     9
Dodge: Dodged            |    28 |    10 ||    38
